 Dungeon Crawl Stone Soup version 0.19.1 (webtiles) character file.

95 balthal the Charmwright (level 4, -10/30 HPs)
             Began as a High Elf Skald on Dec 15, 2016.
             Killed by nerve-wracking pain
             ... invoked by Grinder
              (14 damage)
             ... on level 3 of the Dungeon.
             The game lasted 00:05:42 (2609 turns).

balthal the Charmwright (High Elf Skald)            Turns: 2609, Time: 00:05:43

Health: -10/30     AC:  4    Str: 12    XL:     4   Next: 40%
Magic:  9/9        EV: 11    Int: 16    God:
Gold:   104        SH:  0    Dex: 14    Spells: 3 memorised, 3 levels left

rFire  . . .     SeeInvis .     i - +1 short sword (holy)
rCold  . . .     Gourm    .     b - +0 leather armour
rNeg   . . .     Faith    .     (no shield)
rPois  .         Spirit   .     q - +0 helmet
rElec  .         Reflect  .     (no cloak)
rCorr  .         Harm     .     (no gloves)
MR     .....                    (no boots)
Stlth  +.........               (no amulet)
                                (no ring)
                                (no ring)

@: no status effects
A: no striking features
a: no special abilities


You were on level 3 of the Dungeon.
You were not hungry.

You visited 1 branch of the dungeon, and saw 3 of its levels.

You collected 104 gold pieces.

Inventory:

Hand Weapons
 a - a +0 falchion
 g - a +2 dagger of pain
 i - a +1 short sword of holy wrath (weapon)
Missiles
 o - 5 needles of sleeping
Armour
 b - a +0 leather armour (worn)
 q - a +0 helmet (worn)
Jewellery
 f - an uncursed amulet of faith {unknown}
Scrolls
 e - 2 scrolls of noise {unknown}
 h - a scroll of teleportation {unknown}
 j - 4 scrolls of identify {unknown}
 m - a scroll of fear {unknown}
 r - a scroll of immolation {unknown}
Potions
 d - a potion of lignification {unknown}
 k - 2 potions of degeneration {unknown}
 l - 2 potions of heal wounds {unknown}
 n - a potion of curing {unknown}
 s - a potion of might {unknown}
Books
 c - a book of Battle

   Spells                             Type                      Level
   a - Infusion                       Charms                       1
   b - Shroud of Golubria             Charms/Translocation         2
   c - Song of Slaying                Charms                       2
   d - Spectral Weapon                Hexes/Charms                 3
   e - Regeneration                   Charms/Necromancy            3
Comestibles
 p - a bread ration
 t - a meat ration


   Skills:
 + Level 2.3 Fighting
 + Level 1.6(2.7) Short Blades
 + Level 3.4(3.6) Long Blades
 + Level 1.2 Armour
 + Level 1.4 Dodging
 + Level 3.1 Spellcasting
 + Level 4.3 Charms


You had 3 spell levels left.
You knew the following spells:

 Your Spells              Type           Power        Failure   Level  Hunger
a - Infusion              Chrm           ###.         4%          1    #......
b - Song of Slaying       Chrm           ###.....     8%          2    ##.....
c - Spectral Weapon       Hex/Chrm       #.......     34%         3    ###....


Dungeon Overview and Level Annotations

Branches:
Dungeon (3/15)

Altars:
Qazlal
Sif Muna
Vehumet

Annotations:
D:3 Grinder


Message History

There is an open door here.
You see here a large shield.
Grinder gestures at you.
You suddenly lose the ability to move!
Grinder blinks!
Grinder gestures at you. Pain shoots through your body!
The leopard gecko barely misses you. The leopard gecko bites you.
The leopard gecko bites you but does no damage.
Grinder hits you.
You writhe in agony.
You can move again.
Grinder hits you!
* * * LOW HITPOINT WARNING * * *
You writhe in agony.
* * * LOW HITPOINT WARNING * * *
The leopard gecko bites you.
* * * LOW HITPOINT WARNING * * *
Grinder gestures at you. Pain shoots through your body!
You die...

..######...#..#.## #.#
...........##.#..# #.#
.........# #..#.# #.#####
.........# ##.#.# #.....#
.........# #...# #####.#
.........######..# #..#.#
......(..#....#..## #....#
##.......#....##..####.###
#.......'[..l5.@>#....#
#####+#.#....#####.####
#.##)### #.# #.)..# #<#
###### ###


You could see Grinder and a leopard gecko.

Vanquished Creatures
  3 adders (D:2)
  2 oozes (D:1)
  A worm (D:2)
  3 dart slugs
  3 leopard geckos
  5 orcs (D:3)
  3 giant cockroaches
  5 goblins
  A hobgoblin (D:1)
  6 kobolds
  6 bats
  4 frilled lizards
  5 rats
47 creatures vanquished.

Notes
Turn   | Place    | Note
-------+----------+-------------------------------------------
     0 | D:1      | balthal the High Elf Skald began the quest for the Orb.
     0 | D:1      | Reached XP level 1. HP: 14/14 MP: 4/4
   356 | D:1      | Reached XP level 2. HP: 19/19 MP: 2/6
   360 | D:1      | Learned a level 2 spell: Song of Slaying
   548 | D:1      | Reached skill level 4 in Charms
   664 | D:1      | Reached skill level 1 in Armour
   669 | D:1      | Reached XP level 3. HP: 10/24 MP: 8/8
  1312 | D:2      | Reached skill level 1 in Short Blades
  1495 | D:2      | Reached XP level 4. HP: 17/29 MP: 3/9
  1558 | D:2      | Learned a level 3 spell: Spectral Weapon
  1625 | D:2      | Found a stormy altar of Qazlal.
  1633 | D:2      | Found a radiant altar of Vehumet.
  1646 | D:2      | Found a deep blue altar of Sif Muna.
  2586 | D:3      | Noticed Grinder
  2599 | D:3      | Paralysed by Grinder for 6 turns
  2609 | D:3      | Killed from afar by Grinder

Skill      XL: |  1  2  3  4 |
---------------+-------------+-----
Long Blades    | 3 |  3.4
Charms         | 4 |  4.3
Armour         | 1 |  1.2
Short Blades   | 1 |  1.6
Spellcasting   | 3 |  3.1
Fighting       | |  2.3
Dodging        | |  1.4

Action                   |  1- 3 |  4- 6 || total
-------------------------+-------+-------++-------
Melee: Falchion          |    45 |       ||    45
       Short sword       |    55 |    38 ||    93
 Cast: Infusion          |    14 |     3 ||    17
       Song of Slaying   |     3 |     1 ||     4
  Eat: Bread ration      |     1 |       ||     1
       Fruit             |       |     3 ||     3
Armor: Leather armour    |    37 |    10 ||    47
Dodge: Dodged            |    58 |    16 ||    74
       Rpst.: Falchion   |    11 |       ||    11
